 Dungeon Crawl Stone Soup version 0.21.1-1-g345015fe64 (webtiles) character file.

4045 sabser the Cleaver (level 10, -3/90 HPs)
             Began as a Minotaur Berserker on Apr 24, 2018.
             Was a High Priest of Trog.
             Slain by a two-headed ogre
             ... wielding a +0 giant spiked club
              (8 damage)
             ... on level 9 of the Dungeon on Apr 25, 2018.
             The game lasted 01:07:36 (6968 turns).

sabser the Cleaver (Minotaur Berserker)             Turns: 6968, Time: 01:07:36

Health: -3/90      AC: 19    Str: 21    XL:     10   Next: 4%
Magic:  9/9        EV:  9    Int:  9    God:    Trog [*****.]
Gold:   539        SH:  0    Dex: 12    Spells: 9/9 levels left

rFire    . . .     SeeInvis .   a - +2 hand axe
rCold    . . .     Gourm    .   (no shield)
rNeg     . . .     Faith    +   i - +2 plate armour
rPois    .         Spirit   .   (helmet restricted)
rElec    +         Reflect  .   (no cloak)
rCorr    .         Harm     .   z - +0 pair of gloves
MR       +....                  (no boots)
Stlth    ..........             s - amulet of faith
HPRegen  0.25/turn              n - ring of protection from magic
MPRegen  0.11/turn              t - +2 ring of slaying

@: brilliant, flying
A: retaliatory headbutt, horns 2, slimy green scales 1, electricity resistance,
weak 1
a: Berserk, Trog's Hand, Brothers in Arms, Burn Spellbooks, Renounce Religion


You were on level 9 of the Dungeon.
You worshipped Trog.
Trog was extremely pleased with you.
You were not hungry.

You visited 1 branch of the dungeon, and saw 9 of its levels.

You collected 539 gold pieces.

Inventory:

Hand Weapons
 a - a +2 hand axe (weapon)
 B - a +0 shortbow
Missiles
 C - 13 arrows
Armour
 b - a +0 animal skin
 i - a +2 plate armour (worn)
 j - +0 acid dragon scales
 z - a +0 pair of gloves (worn)
Jewellery
 d - an uncursed ring of fire
 n - a ring of protection from magic (left hand)
 s - an amulet of faith (around neck)
 t - a +2 ring of slaying (right hand)
 w - an uncursed ring of teleportation
 x - an uncursed amulet of faith
Wands
 h - a wand of iceblast (12)
 y - a wand of flame (50)
 I - a wand of acid (8)
Scrolls
 e - a scroll of remove curse
 f - a scroll of magic mapping
 m - a scroll of identify
 u - a scroll of immolation
 F - 2 scrolls of noise
Potions
 l - 3 potions of lignification
 o - a potion of degeneration {unknown}
 G - a potion of ambrosia {unknown}
Books
 A - a book of Air

   Spells                             Type                      Level
   a - Shock                          Conjuration/Air              1
   b - Swiftness                      Charms/Air                   2
   c - Static Discharge               Conjuration/Air              3
   d - Airstrike                      Air                          4
   e - Lightning Bolt                 Conjuration/Air              5
   Trog disapproves of the use of such an item.
 E - a book of Necromancy

   Spells                             Type                      Level
   a - Pain                           Necromancy                   1
   b - Animate Skeleton               Necromancy                   1
   c - Vampiric Draining              Necromancy                   3
   d - Regeneration                   Charms/Necromancy            3
   e - Animate Dead                   Necromancy                   4
   f - Borgnjor's Vile Clutch         Necromancy/Earth             5
   Trog disapproves of the use of such an item.
Comestibles
 c - 13 rations
 k - 10 chunks of flesh


   Skills:
 + Level 8.6 Fighting
 * Level 12.0 Axes
 + Level 8.7 Armour
 + Level 5.4 Dodging
 - Level 1.0 Stealth


You had 9 spell levels left.
You didn't know any spells.

Dungeon Overview and Level Annotations

Branches:
Dungeon (9/15)             Temple (0/1) D:7            Lair (0/6) D:8
    Orc: D:9-12

Altars:
Ashenzari
Dithmenos
Hepliaklqana
Makhleb
Nemelex Xobeh
Ru
Uskayaw
The Shining One

Shops:
D:8 }


Innate Abilities, Weirdness & Mutations

You reflexively headbutt those who attack you in melee.
You have a pair of horns on your head.
You are partially covered in slimy green scales. (AC +2)
You are resistant to electric shocks. (rElec)
You are weak. (Str -2)


Message History

Your headbutt misses the two-headed ogre.
You hit the two-headed ogre.
The two-headed ogre is lightly wounded.
The two-headed ogre hits you but does no damage.
The two-headed ogre hits you with a dire flail.
* * * LOW HITPOINT WARNING * * *
You barely miss the two-headed ogre. You headbutt the two-headed ogre!
The two-headed ogre is moderately wounded.
You barely miss the two-headed ogre.
The two-headed ogre is moderately wounded.
The two-headed ogre hits you with a giant spiked club.
* * * LOW HITPOINT WARNING * * *
The two-headed ogre hits you with a dire flail.
* * * LOW HITPOINT WARNING * * *
You closely miss the two-headed ogre.
The two-headed ogre is moderately wounded.
You slash the two-headed ogre!
The two-headed ogre is moderately wounded.
The two-headed ogre hits you with a giant spiked club!
You die...

########################
...........#....@.......
...........#....O.......
...........#.<%.........
...........#............
...........#............
...........#............
...........#............
...........#............
...........#............


You could see a two-headed ogre.

Vanquished Creatures
  The ghost of CInkIbrahim the Spear-Bearer, a novice OpGl of Ashenzari (D:8)
  A hippogriff (D:9)
  3 wargs (D:8)
  An acid dragon (D:9)
  A hornet zombie (D:7)
  An orc warrior (D:9)
  An ice beast (D:6)
  2 sky beasts
  2 ogres
  A phantom (D:6)
  The ghost of RaudVrn the Slasher, an amateur HuGl (D:3)
  A centaur (D:6)
  A big kobold (D:7)
  5 bullfrogs
  A gnoll sergeant (D:7)
  A scorpion (D:9)
  2 howler monkeys (D:4)
  4 crimson imps
  A centaur zombie (D:9)
  5 hounds
  A quasit (D:5)
  A bullfrog zombie (D:5)
  2 orc priests
  4 jellies
  11 orc wizards
  2 bullfrog skeletons
  A centaur skeleton (D:4)
  4 iguanas
  5 worker ants
  3 hound skeletons
  2 worker ant zombies
  3 gnolls (D:7)
  8 adders
  A shadow imp (D:5)
  An ooze (D:3)
  3 adder skeletons
  A worm (D:2)
  2 dart slugs
  7 leopard geckos
  23 orcs
  11 bats
  A giant cockroach (D:3)
  7 goblins
  7 hobgoblins
  2 jackals (D:5)
  3 quokkas
  A ball python (D:1)
  4 frilled lizards
  15 kobolds
  4 rats
176 creatures vanquished.

Vanquished Creatures (others)
  2 centaurs (D:9)
  A worker ant (D:9)
  A shadow imp (D:9)
4 creatures vanquished.

Grand Total: 180 creatures vanquished

Notes
Turn   | Place    | Note
-------+----------+-------------------------------------------
     0 | D:1      | sabser the Minotaur Berserker began the quest for the Orb.
     0 | D:1      | Reached XP level 1. HP: 19/19 MP: 0/0
   180 | D:1      | Reached XP level 2. HP: 27/27 MP: 1/1
   237 | D:1      | Reached skill level 4 in Axes
   726 | D:2      | Reached XP level 3. HP: 33/33 MP: 2/2
   728 | D:2      | Found a glowing golden altar of the Shining One.
   749 | D:2      | Reached ** piety under Trog
  1102 | D:3      | Found a faded altar of an unknown god.
  1111 | D:3      | Noticed RaudVrn's ghost (amateur HuGl)
  1131 | D:3      | Killed RaudVrn's ghost
  1131 | D:3      | Reached skill level 5 in Axes
  1131 | D:3      | Reached XP level 4. HP: 30/41 MP: 3/3
  1141 | D:3      | Reached XP level 5. HP: 23/47 MP: 4/4
  1478 | D:3      | Reached skill level 6 in Axes
  1623 | D:3      | Found a shadowy altar of Dithmenos.
  1625 | D:3      | Found a hazy altar of Hepliaklqana.
  1739 | D:3      | Reached skill level 5 in Fighting
  1807 | D:3      | Reached XP level 6. HP: 49/56 MP: 5/5
  1959 | D:3      | Found a sacrificial altar of Ru.
  2319 | D:4      | Reached *** piety under Trog
  2319 | D:4      | Reached skill level 7 in Axes
  2518 | D:4      | Reached XP level 7. HP: 61/61 MP: 6/6
  2623 | D:4      | Reached skill level 8 in Axes
  2903 | D:4      | Noticed a hand axe
  2903 | D:4      | Noticed a hand axe
  2904 | D:4      | Found a hide-covered altar of Uskayaw.
  3238 | D:5      | Entered Level 5 of the Dungeon
  3246 | D:5      | Reached skill level 5 in Armour
  3328 | D:5      | Received a gift from Trog
  4005 | D:6      | Reached XP level 8. HP: 70/70 MP: 7/7
  4046 | D:6      | Reached skill level 9 in Axes
  4170 | D:6      | Reached **** piety under Trog
  4479 | D:6      | Reached skill level 10 in Axes
  4479 | D:6      | Reached skill level 1 in Stealth
  5262 | D:7      | Reached XP level 9. HP: 79/79 MP: 8/8
  5265 | D:7      | Found a shattered altar of Ashenzari.
  5290 | D:7      | Found a staircase to the Ecumenical Temple.
  5515 | D:7      | Reached ***** piety under Trog
  6068 | D:8      | Reached skill level 11 in Axes
  6102 | D:8      | Found a staircase to the Lair.
  6224 | D:8      | Found a burning altar of Makhleb.
  6273 | D:8      | Noticed CInkIbrahim's ghost (novice OpGl)
  6284 | D:8      | Killed CInkIbrahim's ghost
  6284 | D:8      | Reached skill level 5 in Dodging
  6314 | D:8      | Found Goirch's Gadget Boutique.
  6649 | D:8      | Found a sparkling altar of Nemelex Xobeh.
  6828 | D:9      | Gained mutation: You are partially covered in slimy green scales. (AC +2) [potion of mutation]
  6828 | D:9      | Gained mutation: You are weak. (Str -2) [potion of mutation]
  6828 | D:9      | Gained mutation: You are resistant to electric shocks. (rElec) [potion of mutation]
  6856 | D:9      | HP: 1/82 [acid (12)]
  6934 | D:9      | Reached skill level 12 in Axes
  6934 | D:9      | Reached XP level 10. HP: 18/90 MP: 9/9
  6956 | D:9      | Noticed a two-headed ogre
  6968 | D:9      | Slain by a two-headed ogre

Skill      XL: |  1  2  3  4  5  6  7  8  9 |
---------------+----------------------------+-----
Fighting       | 4 5 6 7 8 |  8.6
Axes           | 4 5 6 7 8 10 12 | 12.0
Armour         | 3 4 6 7 8 |  8.7
Stealth        | 1 |  1.0
Dodging        | 3 5 |  5.4

Action                   |  1- 3 |  4- 6 |  7- 9 | 10-12 || total
-------------------------+-------+-------+-------+-------++-------
Melee: Hand axe          |    76 |   115 |   285 |    11 ||   487
       Headbutt          |    11 |    13 |    71 |     4 ||    99
Throw: Throwing net      |       |       |     2 |       ||     2
Invok: Berserk           |     1 |       |       |       ||     1
Evoke: Wand              |       |       |     2 |       ||     2
  Use: Scroll            |     9 |     2 |     6 |       ||    17
       Potion            |     1 |     3 |     9 |     3 ||    16
  Eat: Chunk             |     1 |     5 |    14 |       ||    20
Armor: Plate armour      |    49 |    72 |   176 |     5 ||   302
       Animal skin       |     1 |       |       |       ||     1
Dodge: Dodged            |    25 |    40 |   107 |     4 ||   176
